 Dungeon Crawl Stone Soup version 0.31.0-11-ge490571c62 (webtiles) character file.

Game seed: 1917208714585608878

143 Rassilon the Trooper (level 5, -9/54 HPs)
             Began as an Oni Shapeshifter on Jan 28, 2024.
             Mangled by a gnoll
             ... wielding a +3 spear of flaming
              (16 damage)
             ... on level 3 of the Dungeon.
             The game lasted 00:07:23 (1602 turns).

Rassilon the Trooper (Oni Shapeshifter)             Turns: 1602, Time: 00:07:23

Health: -9/54      AC:  5    Str: 20      XL:     5   Next: 25%
Magic:  5/5        EV: 10    Int: 10 (11) God:
Gold:   115        SH:  0    Dex:  7 (8)  Spells: 4/4 levels left

rFire   . .          .
                       - Unarmed
rCold   . . .        k - orb {mayhem}
rNeg    + . .        a - +0 animal skin
rPois   .            (helmet currently unavailable)
rElec   .            (cloak currently unavailable)
rCorr   .            (gloves unavailable)
SInv    .            (boots unavailable)
Will    .....        (no amulet)
Stlth   +            g - ring of positive energy
HPRegen 0.29/turn    (no ring)
MPRegen 0.09/turn

%: mayhem
@: beast-form
A: beast (slay +2), large, unfitting armour, horns 1, tough skin 1, double
potion healing, drunken brawling, claws 1, iridescent scales 1
a: Begin Untransformation


You were on level 3 of the Dungeon.
You were a hulking beast.
You visited 1 branch of the dungeon, and saw 3 of its levels.

You collected 115 gold pieces.

Inventory:

Armour
 a - a +0 animal skin (worn)
 k - an orb of mayhem (worn)
 l - a +0 pair of boots
 n - a +0 pair of gloves
 o - a +0 helmet
Jewellery
 e - a ring of ice
 g - a ring of positive energy (left claw)
Talismans
 c - a beast talisman
 d - a flux talisman
Wands
 h - a wand of iceblast (10)
Scrolls
 f - a scroll of fear {unknown}
 j - 3 scrolls of identify
 m - a scroll of amnesia {unknown}
Potions
 b - a potion of lignification
 i - a potion of attraction


   Skills:
 * Level 4.0 Fighting
 + Level 2.6 Dodging
 + Level 3.3 Unarmed Combat
 + Level 3.6 Shapeshifting


You had 4 spell levels left.
You didn't know any spells.
Your spell library contained the following spells:

 Spells                   Type           Power      Damage    Failure   Level
 Freeze                   Ice            0%         1d3       36%         1
 Frozen Ramparts          Ice            0%         1d1       75%         3
 Hailstorm                Conj/Ice       0%         3d5       75%         3


Dungeon Overview and Level Annotations

Branches:
Dungeon (3/15)

Altars:


Innate Abilities, Weirdness & Mutations

You are a hulking beast.
Your limbs bulge with bestial killing power. (Slay +2)
You are too large for most types of armour.
You have a pair of small horns on your head.
You have tough skin. (AC +1)
You gain doubled healing and magic from potions.
Whenever you drink a healing potion, you attack all around you.
You have sharp fingernails.
You are partially covered in iridescent scales. (AC +2)


Message History

The gnoll hits you from afar with a +0 halberd.
The bat closely misses the gnoll.
The gnoll hits you from afar with a +0 halberd.
The bat hits the gnoll but does no damage. x2
The gnoll completely misses you.
You see here a book of Iron.
You scratch the gnoll but do no damage.
The gnoll is lightly wounded.
The bat hits the gnoll but does no damage.
The gnoll hits you with a +0 halberd!
You claw the gnoll! You headbutt the gnoll.
You kill the gnoll!
The bat hits the gnoll but does no damage.
The bat hits you but does no damage.
The gnoll completely misses the bat.
The gnoll hits you from afar with a +0 spear.
The gnoll hits you from afar with a +3 spear of flaming.
The gnoll burns you.
You feel your intelligence returning.
Your Fighting skill increases to level 4!
You scratch the gnoll.
The gnoll is heavily wounded.
The bat closely misses the gnoll.
The gnoll hits you with a +0 club. The gnoll closely misses you.
The gnoll hits you but does no damage.
You claw the gnoll!
You kill the gnoll!
The gnoll flies into a frenzy!
The bat hits you but does no damage. The bat closely misses you.
The gnoll hits the gnoll with a +3 spear of flaming.
The gnoll burns the gnoll.
The gnoll hits you from afar with a +0 spear.
The bat hits you but does no damage.
The gnoll hits you with a +3 spear of flaming!
* * * LOW HITPOINT WARNING * * *
The gnoll burns you.
* * * LOW HITPOINT WARNING * * *
The gnoll hits you with a +0 spear.
* * * LOW HITPOINT WARNING * * *
The bat barely misses the gnoll.
The gnoll hits you with a +3 spear of flaming!
You die...

.......#.........##
....)..#.........#
#####............#
.. #.#..........# #
#.#..........# #
...##.#...##.# ..
.#....#.#.##.#
##### # .
....#......#.....#
#
.##......:hg......
. ##......)g......
#........b.....
#..../.........
#..[...........
#..>...........
................
###.............


You could see a gnoll, a neutral gnoll (fast, strong, frenzied) and a neutral
bat (fast, strong, frenzied).

Vanquished Creatures
  A bombardier beetle (D:3)
  2 gnolls (D:3)
  3 adders
  A ribbon worm (D:2)
  6 endoplasms (D:1)
  2 giant cockroaches
  8 hobgoblins
  6 quokkas
  2 ball pythons (D:1)
  2 bats
  2 frilled lizards (D:1)
  13 goblins
  A kobold (D:1)
  5 rats
54 creatures vanquished.

Vanquished Creatures (collateral kills)
  An endoplasm (D:2)
  A ball python (D:2)
  A kobold (D:2)
3 creatures vanquished.

Grand Total: 57 creatures vanquished

Notes
Turn   | Place    | Note
-------+----------+-------------------------------------------
     0 | D:1      | Rassilon the Oni Shapeshifter began the quest for the Orb.
     0 | D:1      | Reached XP level 1. HP: 19/19 MP: 1/1
   158 | D:1      | Reached XP level 2. HP: 28/28 MP: 2/2
   202 | D:1      | Reached skill level 2 in Fighting
   418 | D:1      | Reached XP level 3. HP: 27/36 MP: 3/3
   727 | D:2      | Gained mutation: You have sharp fingernails. [potion of
                  | mutation]
   727 | D:2      | Gained mutation: You are partially covered in iridescent
                  | scales. (AC +2) [potion of mutation]
   736 | D:2      | HP: 1/36 [goblin/+1 vampiric dagger (2)]
   753 | D:2      | HP: 1/36 [goblin/+1 vampiric dagger (2)]
  1265 | D:2      | Reached skill level 3 in Fighting
  1265 | D:2      | Reached XP level 4. HP: 45/45 MP: 4/4
  1577 | D:3      | Reached XP level 5. HP: 52/54 MP: 5/5
  1600 | D:3      | Reached skill level 4 in Fighting
  1602 | D:3      | Mangled by a gnoll

Illustrated notes

Levels and vault maps discovered:
D:1:      psy_arrival_fountain, layout_basic, minmay_misc_feat_iff
D:2:      layout_loops_ring, chequers_serial_rivers_marsh,
          minmay_strange_pillars, minmay_goblin_kobold_house
D:3:      layout_rooms, corexii_leaking_fountain, minmay_distorted

Skill      XL: |  1  2  3  4  5 |
---------------+----------------+-----
Dodging        | 2 |  2.6
Fighting       | 2 3 4 |  4.0
Unarmed Combat | 3 |  3.3
Shapeshifting  | |  3.6

Action                     |  1- 3 |  4- 6 || total
---------------------------+-------+-------++-------
  Melee: Unarmed           |    99 |    45 ||   144
         Headbutt          |    10 |     4 ||    14
    Use: Potion            |     6 |       ||     6
         Scroll            |     2 |     2 ||     4
 Armour: Animal skin       |    56 |    47 ||   103
  Dodge: Dodged            |    50 |    22 ||    72
